 Dungeon Crawl Stone Soup version 0.27-a0-78-g75406f0b48 (webtiles) character file.

Game seed: 15047117157898657990

8 knot the Chopper (level 2, 24/24 HPs)
             Began as a Demonspawn Berserker on Jan 14, 2021.
             Was a Follower of Trog.
             Quit the game on level 1 of the Dungeon.
             The game lasted 00:00:24 (303 turns).

knot the Chopper (Demonspawn Berserker)              Turns: 303, Time: 00:00:24

Health: 24/24      AC: 12    Str: 17    XL:     2   Next: 0%
Magic:  2/2        EV:  5    Int:  8    God:    Trog [*.....]
Gold:   14         SH:  0    Dex: 12    Spells: 1/1 levels left

rFire    . . .     SeeInvis .   a - +0 hand axe
rCold    + . .     Faith    .   (no shield)
rNeg     . . .     Spirit   .   d - +0 plate armour {rC+}
rPois    .         Reflect  .   (no helmet)
rElec    .         Harm     .   (no cloak)
rCorr    .         Rampage  .   (no gloves)
Will     .....                  e - +1 pair of boots
Stlth    ..........             (no amulet)
HPRegen  0.08/turn              (no ring)
MPRegen  0.08/turn              (no ring)

@: no status effects
A: demonic guardian 1
a: Renounce Religion, Berserk


You were on level 1 of the Dungeon.
You worshipped Trog.
Trog was aware of your devotion.
You visited 1 branch of the dungeon, and saw 1 of its levels.

You collected 14 gold pieces.

Inventory:

Hand Weapons
 a - a +0 hand axe (weapon)
Missiles
 c - 16 stones
 f - 28 bolts
 h - 20 poisoned darts
 i - 20 sling bullets
Armour
 b - a +0 animal skin
 d - a +0 plate armour of cold resistance (worn)
 e - a +1 pair of boots (worn)
Potions
 g - a potion of attraction {unknown}


   Skills:
 - Level 3.0 Fighting
 + Level 3.2 Axes
 - Level 1.7 Armour
 - Level 1.7 Dodging


You had one spell level left.
You didn't know any spells.
Your spell library was empty.

Dungeon Overview and Level Annotations

Branches:
Dungeon (1/15)

Altars:


Innate Abilities, Weirdness & Mutations

A weak demonic guardian rushes to your aid.


Message History

Trog accepts your kill.
No target in view!
No target in view!
You see here a goblin corpse.
Found a robe.
No target in view!
A kobold comes into view. It is wielding a +0 short sword.
The kobold shouts!
The kobold throws a stone.
The stone hits you but does no damage.
Things that are here:
a stone; a scroll labelled SUSOJE GOOHEIH The kobold throws a stone.
The stone hits you but does no damage. The kobold barely misses you.
You hit the kobold.
You kill the kobold!
Trog accepts your kill.
You have reached level 2!
Your demonic ancestry asserts itself...
You feel the presence of a demonic guardian.
Are you sure you want to abandon this character and quit the game? (Confirm with "yes".)

..)..####### #.# #.# ......#
#.# #####.#### ##.##.# ##+#
#........# #...#.# ##[..##
#.###.##.# #.#.#.# ##.....##
#.###.##†# #.....# ##.......##
#.#.#.##.#
##....####.........###........#
.........+.........+..........#
......####......@.(..#....#.#.#
##.#.## ##....)..#.....P.....#
##.#.# ##♣♣♣♣♣##...P.PP#.###
##...# #...♣♣PP#.# ###..#
♣..P♣♣..#.# # ..#
♣..P...#..P....# # ).#
♣..PP♣♣##..###.#


PP.P. #### #.# ..P♣ #.# There were no monsters in sight!

Vanquished Creatures
  A goblin (D:1)
  A hobgoblin (D:1)
  2 kobolds (D:1)
  A bat (D:1)
  2 frilled lizards (D:1)
  A rat (D:1)
8 creatures vanquished.

Notes
Turn   | Place    | Note
-------+----------+-------------------------------------------
     0 | D:1      | knot the Demonspawn Berserker began the quest for the Orb.
     0 | D:1      | Reached XP level 1. HP: 18/18 MP: 1/1
   303 | D:1      | Gained mutation: A weak demonic guardian rushes to your
                  | aid. [demonic ancestry]
   303 | D:1      | Reached XP level 2. HP: 24/24 MP: 2/2
   303 | D:1      | Quit the game

Illustrated notes

Levels and vault maps discovered:
D:1:      evilmike_arrival_plus, layout_loops_corners, serial_forest,
          infiniplex_forest_diagonal, infiniplex_forest_lined_room_2,
          infiniplex_forest_lined_2, infiniplex_forest_straight_2,
          infiniplex_forest_clump_small, infiniplex_forest_3_way

Skill      XL: |  1 |
---------------+----+-----
Axes           | 3 |  3.2
Fighting       | |  3.0
Armour         | |  1.7
Dodging        | |  1.7

Action                   || total
-------------------------++-------
Melee: Hand axe          ||    25
Armor: Plate armour      ||    16
Dodge: Dodged            ||     9

Table legend: (Time is in decaauts)
 A = Elapsed time spent in this place.
 B = Non-inter-level travel time spent in this place.
 C = Inter-level travel time spent in this place.
 D = Time resting spent in this place.
 E = Time spent auto-exploring this place.
 F = Levels seen in this place.
 G = Mean time per level.
                   A        B        C        D        E       F      G
               +--------+--------+--------+--------+--------+-----+--------+
         Total |    307 |    307 |      0 |      0 |    229 |   1 |  307.0 |
       Dungeon |    307 |    307 |      0 |      0 |    229 |   1 |  307.0 |
               +--------+--------+--------+--------+--------+-----+--------+

Top non-repeatable levels by time:
     D:1: 307 daAuts
